cohdb
Replays
Latest Replays
All Replays
Popular Replays
Top Player Replays
Match Explorer
How It Works
Community
CoH3 Stats
Reddit
Sign in to upload your games and track your stats! →
Sign in with Steam
Match 38431185
Unlisted
Match 38431185
Overview
Messages
Build Orders
End
Construct Barracks
Riflemen Squad
1⁄4-ton 4x4 Truck
Riflemen Squad
Selects Armored Battlegroup
Selects Veteran Crews
Grenade Package
Riflemen Squad
Construct Medical Station
Mechanized Support Center
M1 Mortar Team
M1918 Browning Automatic Rifles
Engineer Squad
Riflemen Squad
Selects M31 Recovery Vehicle
Selects War Machine
Construct Tank Depot
Selects Strength in Steel
Selects M8 Scott SPG
Selects UNKNOWN (2160077)
M4A3E8 Sherman Easy Eight
Designate Forward Repair Station
M4A3E8 Sherman Easy Eight
Rapid Repairs
Bruistablet
Snoekie de Gees
Jojoleix
¤︻デZeduEx芫===-^
0
0
Comments
sign in to comment!
No comments posted yet!